 Dungeon Crawl Stone Soup version 0.32-a0-485-g70f7560b1c (webtiles) character file.

Game seed: 9407107997122018700

19 Iich the Trooper (level 2, -2/24 HPs)
             Began as a Coglin Fighter on Feb 23, 2024.
             Frozen to death by an endoplasm (4 damage)
             ... on level 1 of the Dungeon on Feb 26, 2024.
             The game lasted 00:02:10 (403 turns).

Iich the Trooper (Coglin Fighter)                    Turns: 403, Time: 00:02:11

Health: -2/24      AC:  7    Str: 16    XL:     2   Next: 75%
Magic:  2/2        EV:  8    Int:  7    God:
Gold:   5          SH:  4    Dex: 13    Spells: 1/1 levels left

rFire   . . .        a - +0 war axe {Suphaphon}
rCold   . . .        c - +0 buckler
rNeg    . . .        b - +0 scale mail
rPois   .            (no helmet)
rElec   .            e - +0 cloak
rCorr   .            (no gloves)
SInv    .            (no boots)
Will    .....        (no amulet) Stlth
                     (ring unavailable)
HPRegen 0.24/turn    (ring unavailable)
MPRegen 0.08/turn

%: no passive effects
@: no status effects
A: off-hand wielding, slow wielding, warmup strikes, no rings
a: no special abilities


You were on level 1 of the Dungeon.
You visited 1 branch of the dungeon, and saw 1 of its levels.

You collected 5 gold pieces.

Inventory:

Hand Weapons
 a - a +0 war axe (weapon) {Suphaphon}
Armour
 b - a +0 scale mail (worn)
 c - a +0 buckler (worn)
 e - a +0 cloak (worn)
Scrolls
 f - a scroll of enchant weapon {unknown}
Potions
 d - a potion of might
 g - a potion of berserk rage {unknown}
 h - a potion of curing {unknown}


   Skills:
 + Level 3.2 Fighting
 + Level 2.3 Axes
 + Level 2.9 Armour
 + Level 2.3 Shields


You had one spell level left.
You didn't know any spells.
Your spell library was empty.

Dungeon Overview and Level Annotations

Branches:
Dungeon (1/15)

Altars:


Innate Abilities, Weirdness & Mutations

You can wield a second weapon in your off-hand.
It takes a long time for you to wield or remove held weapons.
Your first few attacks do less damage.
Your grasper-arms cannot wear rings.


Message History

* * * LOW HITPOINT WARNING * * *
You take 4 damage, and have 12/24 hp.
You block the endoplasm's attack. The endoplasm hits you.
* * * LOW HITPOINT WARNING * * *
You take 2 damage, and have 11/24 hp.
The endoplasm freezes you.
You are frozen.
* * * LOW HITPOINT WARNING * * *
The endoplasm freezes you.
You are frozen.
* * * LOW HITPOINT WARNING * * *
The endoplasm freezes you.
You are frozen.
* * * LOW HITPOINT WARNING * * *
The endoplasm freezes you.
You are frozen.
* * * LOW HITPOINT WARNING * * *
The endoplasm hits you but does no damage.
The endoplasm barely misses you.
You take 6 damage, and have 5/24 hp. !!!!--MASSIVE DAMAGE--!!!!
The endoplasm hits you but does no damage.
The endoplasm hits you.
* * * LOW HITPOINT WARNING * * *
The endoplasm hits you but does no damage.
You take 1 damage, and have 4/24 hp.
The endoplasm hits you.
* * * LOW HITPOINT WARNING * * *
The endoplasm barely misses you.
You take 3 damage, and have 1/24 hp.
The endoplasm hits you but does no damage.
You block the endoplasm's attack. The endoplasm hits you.
* * * LOW HITPOINT WARNING * * *
The endoplasm hits you but does no damage.
You take 1 damage, and have 1/24 hp.
The endoplasm hits you but does no damage.
The endoplasm freezes you.
You are frozen.
You die...

.#
########†........#
.#
.................#
.#
########.#.>.....#
.#
######.#.###...#
## #......#.#
#.#.# #.##.....#
#.#.# #...###
#.#.#
##.###.######.#
#......@J.....#
#.####.#####..#
#?.. #.## #. #. #.


You could see an endoplasm.

Vanquished Creatures
  4 endoplasms (D:1)
  A giant cockroach (D:1)
  2 goblins (D:1)
  A hobgoblin (D:1)
  3 kobolds (D:1)
  2 quokkas (D:1)
  2 ball pythons (D:1)
  A frilled lizard (D:1)
  A rat (D:1)
17 creatures vanquished.

Notes
Turn   | Place    | Note
-------+----------+-------------------------------------------
     0 | D:1      | Iich the Coglin Fighter began the quest for the Orb.
     0 | D:1      | Reached XP level 1. HP: 18/18 MP: 1/1
     0 | D:1      | Upgraded the game from 0.32-a0-450-g080537f31e to
                  | 0.32-a0-485-g70f7560b1c
    72 | D:1      | Reached XP level 2. HP: 21/24 MP: 2/2
   396 | D:1      | HP: 1/24 [endoplasm (3)]
   403 | D:1      | Frozen to death by an endoplasm

Illustrated notes

Levels and vault maps discovered:
D:1:      lightli_arrival_flooded_house, layout_loops_ring

Action                     || total
---------------------------++-------
  Melee: War axe           ||    36
 Armour: Scale mail        ||    32
  Dodge: Dodged            ||    13
  Block: Buckler           ||     8

Table legend: (Time is in decaauts)
 A = Elapsed time spent in this place.
 B = Non-inter-level travel time spent in this place.
 C = Inter-level travel time spent in this place.
 D = Time resting spent in this place.
 E = Time spent auto-exploring this place.
 F = Levels seen in this place.
 G = Mean time per level.
                   A        B        C        D        E       F      G
               +--------+--------+--------+--------+--------+-----+--------+
         Total |    419 |    419 |      0 |      0 |    291 |   1 |  419.0 |
       Dungeon |    419 |    419 |      0 |      0 |    291 |   1 |  419.0 |
               +--------+--------+--------+--------+--------+-----+--------+

Top non-repeatable levels by time:
     D:1: 419 daAuts
